AoeStats
← b站江条

Arabia

508375287Analyzed
1v1 RM · 10d ago on Sep 22, 2026· 25m 19s· 2 players
Game mode
Random Map
Map size
Tiny (2 player)
Population
200
Speed
Normal
Resources
Standard
Victory
Conquest
Starting age
Dark Age
Ending age
Imperial Age
RankedLock teamsTeams togetherTeam positionsShared explorationLock speedFull tech treeHidden civsTurbo modeCheats
Victory
Defeat
🇭🇰 Hindustanis · Hong Kong SAR China
1420
+17
🇨🇳 Maya · China
1446
-17
twf_wing
5:48 Loom
8:28 Feudal Age
9:01 Double-Bit Axe
17:22 Fletching
21:21 Wheelbarrow
24:37 Castle Age
22:43 Horse Collar
23:10 Gold Mining
23:56 Scale Barding Armor
24:53 Light Cavalry
b站江条
0:25 Loom
9:13 Feudal Age
12:30 Wheelbarrow
16:26 Double-Bit Axe
22:33 Castle Age
Connection lost

Rejoining the realm…

Still unreachable

The connection could not be restored.

Session expired

The server has moved on; the page needs a fresh start.